 Dungeon Crawl Stone Soup version 0.20.1-1-g8b1a95d (webtiles) character file.

998 slep the Chopper (level 8, -1/41 HPs)
             Began as a Vine Stalker Gladiator on Dec 22, 2017.
             Was an Initiate of Okawaru.
             Slain by a two-headed ogre
             ... wielding a +0 giant spiked club
              (8 damage)
             ... on level 6 of the Dungeon.
             The game lasted 00:19:16 (3914 turns).

slep the Chopper (Vine Stalker Gladiator)           Turns: 3914, Time: 00:19:17

Health: -1/41      AC:  9    Str: 18    XL:     8   Next: 19%
Magic:  0/18       EV: 14    Int: 10    God:    Okawaru [......]
Gold:   302        SH:  0    Dex: 17    Spells: 7/7 levels left

rFire    . . .     SeeInvis .   a - +0 war axe
rCold    . . .     Gourm    .   (no shield)
rNeg     . . .     Faith    .   L - +2 leather armour {MR+}
rPois    .         Spirit   +   c - +0 helmet
rElec    .         Reflect  .   M - +0 cloak
rCorr    .         Harm     .   o - +0 pair of gloves (curse)
MR       ++...                  I - +0 pair of boots
Stlth    ++........             F - amulet of magic regeneration
Regen    0.6/turn               y - +2 ring of intelligence
MPRegen  0.3/turn               m - ring of magical power

@: no status effects
A: fangs 3, regeneration 1, magic shield, antimagic bite, no potion heal 3, rot
immunity
a: Renounce Religion


You were on level 6 of the Dungeon.
You worshipped Okawaru.
Okawaru was noncommittal.
You were not hungry.

You visited 2 branches of the dungeon, and saw 7 of its levels.

You collected 302 gold pieces.

Inventory:

Hand Weapons
 a - a +0 war axe (weapon)
 x - a +0 blowgun
Missiles
 d - 2 throwing nets (quivered)
 u - 33 poisoned needles
 C - 30 sling bullets
 G - 5 javelins of penetration
Armour
 b - a +0 leather armour
 c - a +0 helmet (worn)
 o - a cursed +0 pair of gloves (worn)
 I - a +0 pair of boots (worn)
 L - a +2 leather armour of magic resistance (worn)
 M - a +0 cloak (worn)
Jewellery
 m - a ring of magical power (right hand)
 y - a +2 ring of intelligence (left hand)
 F - an amulet of magic regeneration (around neck)
Wands
 B - a wand of polymorph (0/24)
Scrolls
 e - 5 scrolls of identify {unknown}
 h - 5 scrolls of remove curse {unknown}
 i - 8 scrolls of amnesia {unknown}
 l - 2 scrolls of fog {unknown}
 n - 2 scrolls of enchant armour {unknown}
 p - a scroll of magic mapping {unknown}
 q - 2 scrolls of teleportation {unknown}
 r - a scroll of enchant weapon {unknown}
 A - a scroll of immolation {unknown}
 D - a scroll of random uselessness {unknown}
 E - a scroll of fear {unknown}
 N - a scroll of recharging {unknown}
Potions
 j - a potion of agility
 k - a potion of invisibility {unknown}
 t - 3 potions of might {unknown}
 v - a potion of degeneration {unknown}
 z - 2 potions of haste {unknown}
 H - a potion of heal wounds {unknown}
 K - 2 potions of curing
Comestibles
 f - 3 bread rations
 g - 3 fruits
 s - 4 royal jellies
 w - 3 meat rations
 J - a chunk of flesh


   Skills:
 + Level 3.6 Fighting
 + Level 6.5 Axes
 + Level 2.0 Throwing
 + Level 2.5 Armour
 + Level 3.9 Dodging
 + Level 1.5 Stealth
 + Level 0.8 Unarmed Combat


You had 7 spell levels left.
You didn't know any spells.

Dungeon Overview and Level Annotations

Branches:
Dungeon (6/15)             Temple (1/1) D:5

Altars:
Ashenzari
Cheibriados
Dithmenos
Elyvilon
Fedhas
Gozag
Hepliaklqana
Kikubaaqudgha
Makhleb
Nemelex Xobeh
Okawaru
Qazlal
Ru
Sif Muna
Trog
Uskayaw
Xom
Yredelemnul
Zin
The Shining One


Innate Abilities, Weirdness & Mutations

You have razor-sharp teeth.
Your natural rate of healing is unusually fast.
When hurt, damage is shared between your health and your magic reserves.
Your bite disrupts and absorbs the magic of your enemies.
Potions cannot restore your health.
You are immune to rotting.


Message History

You bite the two-headed ogre, but do no damage.
The two-headed ogre is heavily wounded.
The two-headed ogre misses you. x2
You hit the two-headed ogre but do no damage.
You bite the two-headed ogre. You drain its power.
The two-headed ogre is severely wounded.
The two-headed ogre barely misses you.
The two-headed ogre hits you but does no damage.
You slash the two-headed ogre!
You bite the two-headed ogre, but do no damage.
The two-headed ogre is severely wounded.
The two-headed ogre hits you with a giant spiked club!!
Ouch! That really hurt!
The two-headed ogre hits you with a giant club!
* * * LOW HITPOINT WARNING * * *
You hit the two-headed ogre. You bite the two-headed ogre. You drain its power.
You feel invigorated.
The two-headed ogre is almost dead.
The two-headed ogre hits you with a giant spiked club!
You die...

.......##..... .$
######.# #.... ..#
#.# ... .. #.# #.#
.. #.# #.####. .
#.# #.##.$ ... #.#
#.##.# .... #.#
#.##.##..... #.#
##[..@.......
#.#####..†.O.......
#.##.....††........
#.#...#.###.##.....
#.......# #.# #####
###...### #.#
##...# ... ###.#
#(# .# .#


You could see a two-headed ogre.

Vanquished Creatures
  The ghost of Tharris024 the Ducker, an amateur TrBe of Trog (D:3)
  An ogre (D:4)
  A scorpion (D:5)
  A howler monkey (D:4)
  A crimson imp (D:5)
  2 orc priests
  6 hounds
  4 orc wizards
  Ijyb (D:3)
  A worker ant (D:6)
  3 iguanas
  A howler monkey skeleton (D:6)
  A gnoll (D:4)
  4 adders
  3 shadow imps
  2 oozes
  An adder skeleton (D:6)
  2 worms (D:2)
  A dart slug (D:3)
  4 leopard geckos
  17 orcs
  2 ball pythons
  9 bats
  10 giant cockroaches
  14 goblins
  11 hobgoblins
  3 jackals (D:6)
  3 quokkas
  7 frilled lizards
  5 kobolds
  A quokka zombie (D:4)
  3 rats
126 creatures vanquished.

Notes
Turn   | Place    | Note
-------+----------+-------------------------------------------
     0 | D:1      | slep the Vine Stalker Gladiator began the quest for the Orb.
     0 | D:1      | Reached XP level 1. HP: 11/11 MP: 2/2
    50 | D:1      | Reached XP level 2. HP: 10/15 MP: 1/3
   154 | D:1      | Reached skill level 3 in Axes
   396 | D:1      | Reached XP level 3. HP: 17/18 MP: 4/4
  1344 | D:3      | Gained mutation: Your natural rate of healing is unusually fast. [Vine Stalker growth]
  1344 | D:3      | Reached XP level 4. HP: 19/23 MP: 5/5
  1451 | D:3      | Noticed Tharris024's ghost (amateur TrBe)
  1465 | D:3      | Killed Tharris024's ghost
  1465 | D:3      | Reached skill level 4 in Axes
  1465 | D:3      | Reached XP level 5. HP: 20/27 MP: 3/6
  1472 | D:3      | Noticed Ijyb
  1540 | D:3      | Killed Ijyb
  1620 | D:3      | Reached XP level 6. HP: 30/32 MP: 7/7
  1624 | D:3      | Reached skill level 1 in Armour
  1629 | D:3      | Reached skill level 1 in Stealth
  2083 | D:4      | Reached skill level 5 in Axes
  2210 | D:5      | Entered Level 5 of the Dungeon
  2402 | D:5      | Reached XP level 7. HP: 35/35 MP: 8/8
  2567 | D:5      | Found an ancient bone altar of Kikubaaqudgha.
  2703 | D:5      | Found a burning altar of Makhleb.
  2754 | D:5      | Found a staircase to the Ecumenical Temple.
  2762 | Temple   | Entered the Ecumenical Temple
  3436 | D:4      | Reached skill level 6 in Axes
  3442 | D:4      | Found an iron altar of Okawaru.
  3455 | D:4      | Became a worshipper of Warmaster Okawaru
  3539 | D:4      | Gained mutation: You have razor-sharp teeth. [Vine Stalker growth]
  3539 | D:4      | Reached XP level 8. HP: 40/40 MP: 9/9
  3781 | D:6      | Noticed a two-headed ogre
  3781 | D:6      | Noticed a two-headed ogre
  3832 | D:6      | Found a basalt altar of Yredelemnul.
  3914 | D:6      | Slain by a two-headed ogre

Skill      XL: |  1  2  3  4  5  6  7 |
---------------+----------------------+-----
Throwing       | 2 |  2.0
Axes           | 3 4 5 6 |  6.5
Fighting       | 2 3 |  3.6
Dodging        | 3 |  3.9
Armour         | 1 2 |  2.5
Stealth        | 1 |  1.5
Unarmed Combat | |  0.8

Action                   |  1- 3 |  4- 6 |  7- 9 || total
-------------------------+-------+-------+-------++-------
Melee: War axe           |   105 |   141 |   159 ||   405
       Bite              |    23 |    37 |    43 ||   103
       Unarmed           |       |    48 |       ||    48
       Punch             |       |       |     2 ||     2
Throw: Javelin           |       |       |     3 ||     3
       Throwing net      |       |       |     1 ||     1
  Use: Potion            |       |     1 |       ||     1
 Stab: Sleeping          |     2 |     1 |     1 ||     4
       Held in net/web   |       |       |     1 ||     1
  Eat: Chunk             |     1 |     4 |     5 ||    10
Armor: Leather armour    |    41 |    30 |    51 ||   122
Dodge: Dodged            |    83 |   167 |   104 ||   354
